 Dungeon Crawl Stone Soup version 0.32-a0-20-ge526923d97 (webtiles) character file.

Game seed: 8892376589409944465

135701 jasper the Fighter (level 16, -2/135 (144) HPs)
             Began as an Armataur Alchemist on Jan 18, 2024.
             Was the Champion of Cheibriados.
             Slain by a pharaoh ant (7 damage)
             ... on level 2 of the Spider Nest.
             The game lasted 00:52:08 (33589 turns).

jasper the Fighter (Armataur Alchemist)            Turns: 33589, Time: 00:52:08

HP:   -2/135 (144)  AC:  8    Str: 29    XL:     16   Next: 65%
MP:   15/23         EV: 20    Int: 47    God:    Cheibriados [******]
Gold: 312           SH: 14    Dex: 26    Spells: 1/25 levels left

rFire   . . .        R - +6 demon whip (flame)
rCold   . . .        k - +0 kite shield
rNeg    + . .        s - +2 leather armour {rPois}
rPois   +            K - +0 hat {Int+3}
rElec   .            x - +0 cloak
rCorr   .            Z - +0 pair of gloves
SInv    .            (no barding)
Will    ++...        O - amulet of magic regeneration
Stlth   +++++        a - ring "Nadi" {rN+ Will+ EV+5 Slay+3}
HPRegen 0.42/turn    b - +6 ring of intelligence
MPRegen 0.58/turn

%: roll
@: drained, very slow
A: large, deformed body, tough skin 3, armoured tail, roll 2
a: Renounce Religion, Bend Time, Temporal Distortion, Slouch, Step From Time


You were on level 2 of the Spider Nest.
You worshipped Cheibriados.
Cheibriados was exalted by your worship.
You visited 5 branches of the dungeon, and saw 26 of its levels.

You collected 2398 gold pieces.
You spent 2086 gold pieces at shops.

Inventory:

Hand Weapons
 n - the +7 staff of the Meek {protect, meekguard}
   (You found it on level 4 of the Dungeon)
 R - a +6 demon whip of flaming (weapon)
Missiles
 d - 161 stones
 B - 6 throwing nets
Armour
 j - a +2 robe of willpower
 k - a +0 kite shield (worn)
 s - a +2 leather armour of poison resistance (worn)
 x - a +0 cloak (worn)
 K - a +0 hat of intelligence (worn)
 Z - a +0 pair of gloves (worn)
Jewellery
 a - the ring "Nadi" (left hand) {rN+ Will+ EV+5 Slay+3}
   (You bought it in a shop on level 2 of the Orcish Mines)

   [ring of evasion]

   EV+5:      It affects your evasion (+5).
   Slay+3:    It affects your accuracy & damage with ranged weapons and melee
   (+3).
   rN+:       It protects you from negative energy.
   Will+:     It increases your willpower.
 b - a +6 ring of intelligence (right hand)
 f - a ring of protection from cold
 z - a ring of positive energy
 A - a ring of protection from fire
 C - a +5 ring of evasion
 O - an amulet of magic regeneration (around neck)
 T - a ring of resist corrosion
 V - a ring of protection from cold
Wands
 i - a wand of mindburst (16)
 p - a wand of flame (51)
 r - a wand of polymorph (8)
 u - a wand of digging (5)
 J - a wand of acid (18)
 L - a wand of iceblast (18)
 P - a wand of paralysis (8)
Scrolls
 c - a scroll of vulnerability
 g - 5 scrolls of enchant armour
 o - 21 scrolls of identify
 t - 10 scrolls of teleportation
 E - 5 scrolls of blinking
 F - a scroll of butterflies
 G - 3 scrolls of fear
 Q - 3 scrolls of poison
 S - a scroll of amnesia
 U - a scroll of immolation
 X - 2 scrolls of revelation
 Y - 3 scrolls of fog
Potions
 e - 3 potions of lignification
 h - a potion of mutation
 l - a potion of cancellation
 m - 3 potions of enlightenment
 v - 2 potions of ambrosia
 w - 3 potions of invisibility
 D - 2 potions of resistance
 H - 5 potions of attraction
 I - 2 potions of might
 M - a potion of brilliance
 N - a potion of berserk rage
 W - 2 potions of curing


   Skills:
 + Level 13.4 Fighting
 - Level 12.0 Maces & Flails
 - Level 7.5 Dodging
 - Level 10.0 Stealth
 + Level 10.9 Shields
 - Level 5.2 Spellcasting
 - Level 6.0 Conjurations
 - Level 3.0 Fire Magic
 - Level 6.0 Ice Magic
 - Level 6.0 Air Magic
 - Level 8.0 Alchemy
 - Level 10.1 Invocations


You had one spell level left.
You knew the following spells:

 Your Spells              Type           Power      Damage    Failure   Level
a - Summon Lightning Spi  Summ/Air       40%        N/A       10%         4
b - Olgreb's Toxic Radia  Alch           72%        N/A       1%          4
c - Mephitic Cloud        Conj/Alch/Air  66%        N/A       1%          3
d - Sticky Flame          Fire/Alch      59%        2d10      3%          4
e - Freezing Cloud        Conj/Ice/Air   31%        6-21      8%          5
f - Ignite Poison         Fire/Alch      59%        N/A       3%          4

Your spell library contained the following spells:

 Spells                   Type           Power      Damage    Failure   Level
 Kiss of Death            Conj/Necr      100%       2d13      1%          1
 Sting                    Conj/Alch      100%       1d9       1%          1
 Necrotise                Necr           48%        1d6       3%          1
 Mercury Vapours          Alch/Air       100%       N/A       1%          2
 Static Discharge         Conj/Air       100%       3-8/arc   1%          2
 Dazzling Flash           Conj/Hex       80%        N/A       2%          3
 Airstrike                Air            31%        2d(5-21)  2%          4
 Flame Wave               Conj/Fire      53%        2d13      4%          4
 Inner Flame              Hex/Fire       26%        N/A       5%          3
 Confusing Touch          Hex            12%        N/A       10%         3
 Tukima's Dance           Hex            12%        N/A       10%         3
 Vampiric Draining        Necr           12%        2d6       10%         3
 Iskenderun's Mystic Bla  Conj/Tloc      40%        2d9       10%         4
 Silence                  Hex/Air        20%        N/A       26%         5
 Dimensional Bullseye     Hex/Tloc       6%         N/A       32%         4
 Dispel Undead            Necr           12%        3d9       32%         4
 Martyr's Knell           Necr/Summ      12%        N/A       32%         4
 Curse of Agony           Necr           12%        N/A       65%         5
 Summon Forest            Summ/Tloc      6%         N/A       65%         5
 Summon Mana Viper        Hex/Summ       12%        N/A       65%         5
 Summon Cactus Giant      Summ           6%         N/A       99%         6


Dungeon Overview and Level Annotations

Branches:
Dungeon (15/15)            Temple (1/1) D:6            Lair (5/5) D:8
  Swamp (0/4) Lair:3       Spider (3/4) Lair:2        Slime (0/5) Lair:5
    Orc (2/2) D:11            Elf (0/3) Orc:2        Vaults (0/5) D:13
 Depths (0/4) D:15

Altars:
Ashenzari
Cheibriados
Dithmenos
Elyvilon
Fedhas
Gozag
Hepliaklqana
Kikubaaqudgha
Makhleb
Nemelex Xobeh
Okawaru
Qazlal
Ru
Sif Muna
Trog
Uskayaw
Vehumet
Wu Jian
Xom
Yredelemnul
Zin
The Shining One

Shops:
D:2 *   D:7 ?   D:14 [   Orc:1 (   Orc:2 :(:=?=

Annotations:
D:5 Grinder
D:9 1 runed translucent door, exclusion: door, whatisthis's ghost, journeyman OnFE
Lair:1 1 runed translucent door
Lair:5 exclusion: 2 oklob plants


Innate Abilities, Weirdness & Mutations

Armour fits poorly on your strangely shaped body.
You have extremely tough skin. (AC +3)
You have a long armoured tail.
You regenerate magic and health when rolling toward enemies. (Rampage Regen)


Message History

Aiming: Sticky Flame (mildly dangerous; 3% risk of failure)
Press: ? - help, Shift-Dir - straight line, f - wolf spider
Aim: a wolf spider (heavily wounded, very poisoned)
Okay, then.
Casting: Sticky Flame (mildly dangerous; 3% risk of failure)
Confirm with . or Enter, or press ? or * to list all spells.
You ignite the poison in your surroundings!
The wolf spider seems to burn from within!!!
You kill the wolf spider!
Cheibriados appreciates the change of pace.
The tarantella seems to burn from within!!!
You kill the tarantella!
Cheibriados appreciates the change of pace.
The tarantella seems to burn from within!!
You kill the tarantella!
Cheibriados thoroughly appreciates the change of pace.
Your toxic aura wanes.
The pharaoh ant bites you!
* * * LOW HITPOINT WARNING * * *
You partially resist.
You feel drained.
* * * LOW HITPOINT WARNING * * *
You block the pharaoh ant's attack. The pharaoh ant bites you!
* * * LOW HITPOINT WARNING * * *
You partially resist.
You feel drained.
* * * LOW HITPOINT WARNING * * *
You take 33 damage, and have 16/139 hp.
MASSIVE DAMAGE!!
You now have 18/23 mp.
You feel much better. You block the pharaoh ant's attack. x2
You regained 19 hp, and now have 35/139 hp.
Casting: Ignite Poison (mildly dangerous; 3% risk of failure)
Confirm with . or Enter, or press ? or * to list all spells.
Aiming: Sticky Flame (mildly dangerous; 3% risk of failure)
Press: ? - help, Shift-Dir - straight line, f - pharaoh ant
Aim: a pharaoh ant The sticky flame hits the pharaoh ant!
The pharaoh ant is moderately damaged.
The pharaoh ant burns!
You block the pharaoh ant's attack. x2
The pharaoh ant bites you!!
* * * LOW HITPOINT WARNING * * *
You partially resist.
You feel drained.
You die...

## ####### .##
#####.....##
..######^.........#
..................#
................†##
................@.##
##########.....BB..#
##...(.^#.##
#########
##....##..#
#......^##
##...###.#
.........## #####
### ..........#
..........#
.........##


You could see 2 pharaoh ants.

Vanquished Creatures
  Gastronok (D:8)
  An orc warlord (Orc:1)
  A spark wasp (Spider:3)
  Josephine (D:10)
  An entropy weaver (Spider:1)
  Erolcha (D:12)
  3 ogre magi (Orc:2)
  5 vault guards (D:13)
  5 hydras
  2 catoblepae
  3 two-headed ogres
  2 boulder beetles
  Erica (Orc:1)
  6 centaur warriors
  2 tengu warriors (D:13)
  4 demonic crawlers
  A deep troll earth mage (D:15)
  17 death yaks
  An orc high priest (Orc:1)
  2 skysharks (Lair:5)
  3 pharaoh ants
  3 skeletal warriors (D:13)
  A goliath frog (Lair:5)
  2 orb spiders
  An arcanist (D:13)
  A steelbarb worm (Spider:1)
  A deep elf pyromancer (D:15)
  14 ugly things
  3 orc knights
  7 wolf spiders
  An oklob plant (Lair:5)
  12 orc sorcerers
  7 cyclopes
  21 elephants
  Joseph (D:10)
  5 black mambas
  A meliai (shapeshifter) (D:15)
  3 kobold blastminers (Orc:2)
  5 torpor snails
  An unseen horror (D:12)
  22 cane toads
  4 gargoyles
  2 kobold demonologists
  An efreet (D:15)
  A yaktaur (D:15)
  8 komodo dragons
  10 rime drakes
  6 trolls
  2 tyrant leeches (Lair:5)
  A polar bear (Lair:1)
  13 tarantellas
  A hornet (D:10)
  Prince Ribbit (D:5)
  18 dream sheep
  23 blink frogs
  9 slime creatures
  6 jumping spiders
  3 shadows
  Sigmund (D:2)
  9 culicivoras
  A vampire (D:13)
  7 wyverns
  A warg (D:8)
  36 redbacks
  57 yaks
  6 humans (D:13)
  9 wraiths
  A hog (shapeshifter) (D:14)
  5 basilisks
  Grum (D:10)
  12 vampire mosquitoes
  2 steam dragons
  17 water moccasins
  Duvessa (D:5)
  31 orc warriors
  A sky beast (D:7)
  A laughing skull (D:15)
  11 ogres
  2 black bears
  16 wolves
  14 centaurs
  A kobold brigand (D:13)
  21 bullfrogs
  6 gnoll sergeants
  2 scorpions
  3 wights (D:9)
  Dowan (D:5)
  3 jellies
  23 killer bees
  3 electric eels
  A howler monkey (D:14)
  Crazy Yiuf (D:4)
  A bombardier beetle (D:5)
  A gnoll bouda (D:9)
  21 orc priests
  5 hounds
  Ijyb (D:3)
  3 sleepcaps
  Terence (D:3)
  39 orc wizards
  Robin (D:3)
  32 gnolls
  5 adders
  A shadow imp (D:7)
  2 white imps
  A dart slug (D:2)
  84 orcs
  2 ball pythons
  3 endoplasms
  6 giant cockroaches
  12 goblins (D:3)
  6 hobgoblins
  4 jackals
  16 kobolds
  7 quokkas
  6 bats
  4 frilled lizards
  3 rats
858 creatures vanquished.

Vanquished Creatures (collateral kills)
  Rupert (D:12)
1 creature vanquished.

Vanquished Creatures (others)
  A vault guard (D:13)
1 creature vanquished.

Grand Total: 860 creatures vanquished

Notes
Turn   | Place    | Note
-------+----------+-------------------------------------------
     0 | D:1      | jasper the Armataur Alchemist began the quest for the Orb.
     0 | D:1      | Reached XP level 1. HP: 14/14 MP: 3/3
   275 | D:1      | Reached XP level 2. HP: 20/20 MP: 1/5
  1220 | D:2      | Noticed Sigmund
  1232 | D:2      | Killed Sigmund
  1233 | D:2      | Reached skill level 5 in Alchemy
  1233 | D:2      | Reached XP level 3. HP: 15/26 MP: 0/6
  1233 | D:2      | Reached XP level 4. HP: 19/33 MP: 0/7
  1233 | D:2      | Reached XP level 5. HP: 22/38 MP: 0/8
  1238 | D:2      | Learned a level 4 spell: Olgreb's Toxic Radiance
  1242 | D:2      | Learned a level 3 spell: Mephitic Cloud
  1478 | D:2      | Found Dibreapli's Assorted Antiques.
  1488 | D:2      | Bought a lumpy silvery potion for 18 gold pieces
  1488 | D:2      | Bought a scroll labelled LUEXZUASAD for 21 gold pieces
  2113 | D:3      | Noticed Ijyb
  2120 | D:3      | Killed Ijyb
  2228 | D:3      | Noticed Robin
  2235 | D:3      | Killed Robin
  2237 | D:3      | Noticed Terence
  2241 | D:3      | Reached XP level 6. HP: 29/45 MP: 2/9
  2254 | D:3      | Killed Terence
  2341 | D:3      | Identified the +0 ring mail "Wefousch" {Int+3}
  2621 | D:3      | Found a broken altar of Ashenzari.
  2621 | D:3      | Found a glowing silver altar of Zin.
  2621 | D:3      | Found a shimmering altar of Xom.
  3796 | D:4      | Found the +7 staff of the Meek {protect, meekguard}
  3882 | D:4      | Gained mutation: You regenerate magic and health when
                  | rolling toward enemies. (Rampage Regen) [Armataur growth]
  3882 | D:4      | Reached XP level 7. HP: 24/50 MP: 10/10
  4437 | D:4      | Found a runed translucent door.
  4438 | D:4      | Noticed Crazy Yiuf
  4639 | D:4      | Killed Crazy Yiuf
  4640 | D:4      | Reached skill level 1 in Conjurations
  4721 | D:5      | Entered Level 5 of the Dungeon
  4731 | D:5      | Noticed Prince Ribbit
  4748 | D:5      | Killed Prince Ribbit
  4762 | D:5      | Reached XP level 8. HP: 16/57 MP: 7/12
  4936 | D:5      | Learned a level 4 spell: Sticky Flame
  5217 | D:5      | Reached skill level 1 in Fighting
  5217 | D:5      | Reached skill level 1 in Fire Magic
  5286 | D:5      | Noticed Grinder
  5310 | D:5      | Noticed Dowan
  5310 | D:5      | Noticed Duvessa
  5316 | D:5      | Killed Dowan
  5319 | D:5      | Killed Duvessa
  5320 | D:5      | Reached skill level 2 in Fighting
  5671 | D:5      | Reached skill level 3 in Fighting
  5675 | D:5      | Identified the +2 trident of Crystal {flame, rPois Str+2
                  | Int+4 Dex-2}
  6352 | D:6      | Reached skill level 4 in Fighting
  6608 | D:6      | Found a staircase to the Ecumenical Temple.
  6689 | Temple   | Entered the Ecumenical Temple
  6694 | Temple   | Became a worshipper of Cheibriados the Contemplative
  7092 | D:7      | Reached skill level 5 in Fighting
  7092 | D:7      | Reached XP level 9. HP: 57/74 MP: 5/13
  7440 | D:7      | Reached * piety under Cheibriados
  7441 | D:7      | Reached skill level 6 in Fighting
  7598 | D:7      | Reached skill level 5 in Stealth
  7921 | D:7      | Found Enaymoih's Magic Scroll Boutique.
  7926 | D:7      | Bought a scroll of blinking for 105 gold pieces
  7926 | D:7      | Bought a scroll of blinking for 105 gold pieces
  7926 | D:7      | Bought a scroll of butterflies for 56 gold pieces
  7926 | D:7      | Bought a scroll of fear for 56 gold pieces
  8009 | D:8      | Found a burning altar of Makhleb.
  8127 | D:8      | Reached skill level 7 in Fighting
  8191 | D:8      | Found a staircase to the Lair.
  8199 | D:8      | Reached ** piety under Cheibriados
  8414 | D:8      | Noticed Gastronok
  8425 | D:8      | Killed Gastronok
  8426 | D:8      | Reached skill level 8 in Fighting
  8426 | D:8      | Reached XP level 10. HP: 72/90 MP: 5/14
  8964 | D:8      | Reached skill level 9 in Fighting
  9468 | D:9      | Reached *** piety under Cheibriados
  9536 | D:9      | Reached skill level 10 in Fighting
  9627 | D:9      | Noticed a two-headed ogre
  9634 | D:9      | Killed a two-headed ogre
  9634 | D:9      | Reached **** piety under Cheibriados
  9705 | D:9      | Reached skill level 10 in Stealth
  9817 | D:9      | Reached skill level 1 in Invocations
  9824 | D:9      | Reached XP level 11. HP: 60/99 MP: 10/15
  9955 | D:9      | Found a runed translucent door.
  9957 | D:9      | Noticed whatisthis's ghost (journeyman OnFE)
  9998 | D:9      | Found an iron altar of Okawaru.
 10313 | D:10     | Entered Level 10 of the Dungeon
 10559 | D:10     | Noticed Josephine
 10560 | D:10     | Reached ***** piety under Cheibriados
 10792 | D:10     | Noticed Joseph
 10807 | D:10     | Killed Joseph
 11068 | D:10     | Reached skill level 5 in Invocations
 11651 | D:10     | Paralysed by a hornet for 1 turns
 11981 | D:10     | Killed Josephine
 12806 | D:10     | Noticed Grum
 12816 | D:10     | Killed Grum
 12988 | D:11     | Found a staircase to the Orcish Mines.
 13682 | D:11     | Reached skill level 10 in Invocations
 14132 | Lair:1   | Entered Level 1 of the Lair of Beasts
 14286 | Lair:1   | Reached XP level 12. HP: 70/106 MP: 16/19
 14298 | Lair:1   | Noticed a death yak
 14527 | Lair:1   | Killed a death yak
 14528 | Lair:1   | Reached skill level 5 in Spellcasting
 14539 | Lair:1   | Learned a level 5 spell: Freezing Cloud
 14795 | Lair:1   | Reached skill level 1 in Ice Magic
 14909 | Lair:1   | Found a runed translucent door.
 14929 | Lair:1   | Reached ****** piety under Cheibriados
 16148 | Lair:1   | Noticed a death yak
 16150 | Lair:1   | Noticed a death yak
 16153 | Lair:1   | Noticed a death yak
 16156 | Lair:1   | Killed a death yak
 16158 | Lair:1   | Noticed a death yak
 16158 | Lair:1   | Noticed a death yak
 16164 | Lair:1   | Killed a death yak
 16169 | Lair:1   | HP: 5/106 [death yak (11)]
 16173 | Lair:1   | Killed a death yak
 16173 | Lair:1   | Killed a death yak
 16174 | Lair:1   | Reached skill level 5 in Conjurations
 16174 | Lair:1   | Reached skill level 5 in Air Magic
 16175 | Lair:1   | Killed a death yak
 16646 | Lair:1   | Noticed a catoblepas
 16660 | Lair:1   | Killed a catoblepas
 16661 | Lair:1   | Reached XP level 13. HP: 38/113 MP: 16/20
 16676 | Lair:1   | Reached skill level 5 in Ice Magic
 17668 | Lair:2   | Found a hole to the Spider Nest.
 19275 | Lair:3   | Reached skill level 11 in Fighting
 19719 | Lair:3   | Found a staircase to the Swamp.
 20034 | Lair:4   | Reached skill level 5 in Dodging
 20361 | Lair:4   | Reached XP level 14. HP: 112/125 MP: 14/21
 20722 | Lair:4   | Reached skill level 12 in Fighting
 21429 | Lair:4   | Reached skill level 1 in Maces & Flails
 21552 | Lair:5   | Entered Level 5 of the Lair of Beasts
 21741 | Orc:1    | Entered Level 1 of the Orcish Mines
 21741 | Orc:1    | Found Faesoreo's Antique Weapon Boutique.
 21936 | Orc:1    | Noticed Erica
 21946 | Orc:1    | Killed Erica
 22103 | Orc:1    | Noticed an orc warlord
 22115 | Orc:1    | Killed an orc warlord
 22115 | Orc:1    | Paralysed by an orc sorcerer for 2 turns
 22388 | Orc:1    | Reached skill level 5 in Maces & Flails
 22774 | Orc:2    | Entered Level 2 of the Orcish Mines
 22774 | Orc:2    | Found a staircase to the Elven Halls.
 22957 | Orc:2    | Found Siblib's Jewellery Shop.
 22971 | Orc:2    | Bought the ring "Nadi" {rN+ Will+ EV+5 Slay+3} for 915 gold
                  | pieces
 23136 | Orc:2    | Found Awnau's Book Boutique.
 23327 | Orc:2    | Found a radiant altar of Vehumet.
 23385 | Orc:2    | Found Kompigg's Book Shop.
 23404 | Orc:2    | Bought a book of Storms for 338 gold pieces
 23409 | Orc:2    | Learned a level 4 spell: Summon Lightning Spire
 23444 | Orc:2    | Found an ancient bone altar of Kikubaaqudgha.
 23464 | Orc:2    | Found Orpheffag's Antique Weapon Boutique.
 23507 | Orc:2    | Found Xecw's Magic Scroll Boutique.
 23635 | Orc:2    | Found Cehoyjur's Jewellery Boutique.
 23646 | Orc:2    | Bought a scroll of fear for 64 gold pieces
 24359 | Lair:5   | Found a staircase to the Slime Pits.
 24636 | Lair:5   | Reached XP level 15. HP: 85/132 MP: 22/22
 24720 | Lair:5   | Reached skill level 10 in Maces & Flails
 26938 | D:12     | Noticed Erolcha
 26943 | D:12     | Noticed Rupert
 26951 | D:12     | Killed Erolcha
 26962 | D:12     | Killed Rupert
 28081 | D:13     | Found a gate to the Vaults.
 28498 | D:14     | Reached skill level 1 in Shields
 28507 | D:14     | Reached skill level 13 in Fighting
 28897 | D:14     | Reached XP level 16. HP: 122/143 MP: 23/23
 29088 | D:14     | Reached skill level 5 in Shields
 29284 | D:14     | Found an ornate altar of the Wu Jian Council.
 29584 | D:14     | Found Ytuokke's Antique Armour Shop.
 29679 | D:15     | Entered Level 15 of the Dungeon
 30275 | D:15     | Found a staircase to the Depths.
 30403 | D:15     | Identified the +2 shortbow of the Lost Mouths {flame, SInv}
 30632 | Orc:2    | Bought the Discursus on Evil and Toxicology for 408 gold
                  | pieces
 30637 | Orc:2    | Learned a level 4 spell: Ignite Poison
 30839 | Spider:1 | Entered Level 1 of the Spider Nest
 31792 | Spider:1 | Reached skill level 10 in Shields
 33589 | Spider:2 | HP: 5/139 [pharaoh ant (31)]
 33589 | Spider:2 | Slain by a pharaoh ant

Illustrated notes

Levels and vault maps discovered:
D:1:      nagdon_arrival_double_spiral, layout_loops_ring
D:2:      layout_basic, serial_shops, nicolae_lakefront_shop, uniq_sigmund
D:3:      layout_loops_corners, chequers_temple_overflow_statue_of_worship,
          uniq_ijyb, uniq_terence, uniq_robin
D:4:      layout_gridville, chequers_decorated_corner, pf_guarded_unrand_meek,
          uniq_crazy_yiuf_cottage
D:5:      layout_gridville, fountainhead, uniq_prince_ribbit1, uniq_grinder,
          uniq_duvessa
D:6:      layout_cave_pools, minmay_temple_entry_fiery, minivault_11
D:7:      layout_cave_pools, serial_shops, shop_statue, serial_column_ruins,
          column_ruins_square_huge, column_ruins_open_small,
          column_ruins_grid_1, column_ruins_grid_3,
          column_ruins_corridor_corner, column_ruins_open_tiny,
          column_ruins_columns_straight, column_ruins_open_tiny
D:8:      layout_basic, mainiacjoe_overflow_small_starburst,
          erik_lair_orcish_takeover, minmay_misc_feat_five,
          nicolae_kite_square_tiling_tiny, lemuel_flamethrower_1, uniq_gastronok
D:9:      layout_cave_pools, lemuel_doored_altar, ebering_ghost_inner_flame,
          serial_gnoll_camp, gnoll_camp_mini_doghouse, gnoll_camp_medium_01,
          gnoll_camp_mini_hut, gnoll_camp_mini_hut, gnoll_camp_mini_sergeant,
          minmay_nine_imps
D:10:     layout_stronghold, serial_bayou_lagoon_a, uniq_grum, uniq_joseph,
          uniq_josephine
D:11:     layout_gridville, orc_0_dummy
D:12:     layout_roguey, nzn_sisyphean_effort, uniq_rupert, uniq_erolcha
D:13:     layout_rooms, ximxim_vaults_locker_room, drop_trap
D:14:     nicolae_cairo_tiling, layout_loops_ring,
          pdpol_wu_jian_five_deadly_venoms, nicolae_stop_n_shop_2
D:15:     hellmonk_depths_entry_around_the_bend, layout_small_grid,
          serial_library_hellmonk_room_c
Temple:   sentei_temple_godly_chess
Lair:1:   gammafunk_indiana_jones, layout_layer_cave,
          nicolae_volcano_entry_s_turn, pdpol_lair_neglected_garden,
          minmay_shattered_shrine
Lair:2:   layout_regular_city, nicolae_spider_entry_orb_guardian,
          grunt_megastairs_4, infiniplex_staircase_pool_2
Lair:3:   layout_regular_city, swamp_mist_pool, infiniplex_staircase_pool,
          serial_bayou_shore_a
Lair:4:   layout_cave_pods, beast_lair_carwin_7, grunt_megastairs_3
Lair:5:   minmay_lair_end_frog_pond, layout_regular_city,
          minmay_slime_entry_oklob_enclosed, minmay_lair_drake_nest
Spider:1: layout_chambers, nicolae_spider_circle_web,
          nicolae_spider_checkerboard
Spider:2: layout_cave_pods, nicolae_orb_stairs,
          hangedman_spider_tarantella_strand
Spider:3: layout_spider_delve
Orc:1:    orc_temple, layout_caves, serial_shops, shop, guppyfry_library_mini,
          uniq_erica
Orc:2:    kennysheep_orc_mage_school, layout_caves, serial_shops, shop,
          nicolae_shop_behind_doors

Skill      XL: |  1  2  3  4  5  6  7  8  9 10 11 12 13 14 15 16 |
---------------+-------------------------------------------------+-----
Spellcasting   | 2 3 5 |  5.2
Alchemy        | 3 5 6 7 8 |  8.0
Conjurations   | 2 5 6 |  6.0
Air Magic      | 2 5 6 |  6.0
Fighting       | 5 8 10 11 12 13 | 13.4
Fire Magic     | 3 |  3.0
Stealth        | 3 7 10 | 10.0
Invocations    | 2 10 | 10.1
Ice Magic      | 4 6 |  6.0
Dodging        | 5 6 7 |  7.5
Maces & Flails | 9 12 | 12.0
Shields        | 4 10 | 10.9

Action                     |  1- 3 |  4- 6 |  7- 9 | 10-12 | 13-15 | 16-18 || total
---------------------------+-------+-------+-------+-------+-------+-------++-------
  Melee: Unarmed           |     3 |       |       |    27 |       |       ||    30
         Quarterstaff      |       |    62 |   114 |   229 |   132 |       ||   537
         Tailslap          |       |     8 |    19 |    46 |    88 |    32 ||   193
         Demon whip        |       |       |       |       |   355 |   140 ||   495
         Punch             |       |       |       |       |     6 |       ||     6
   Cast: Sting             |    43 |    12 |    11 |       |       |       ||    66
         Olgreb's Toxic Ra |       |    14 |    52 |   103 |   191 |    54 ||   414
         Mephitic Cloud    |       |       |     4 |     6 |     1 |       ||    11
         Sticky Flame      |       |       |    10 |    24 |    42 |    13 ||    89
         Freezing Cloud    |       |       |       |       |    90 |    10 ||   100
         Summon Lightning  |       |       |       |       |     4 |       ||     4
         Ignite Poison     |       |       |       |       |       |    26 ||    26
 Invoke: Slouch            |       |       |       |     2 |     4 |       ||     6
  Evoke: Wand              |       |       |       |     1 |       |       ||     1
    Use: Scroll            |     3 |     7 |     5 |     6 |     7 |     3 ||    31
         Potion            |       |       |     2 |     9 |       |     1 ||    12
   Stab: Sleeping          |       |     2 |     3 |     8 |     1 |     2 ||    16
         Confused          |       |       |       |     3 |     1 |       ||     4
         Distracted        |       |       |       |     1 |     4 |       ||     5
 Armour: Robe              |    17 |    49 |   127 |   358 |   227 |       ||   778
         Skin              |       |     1 |    21 |    15 |       |       ||    37
         Leather armour    |       |       |       |       |   152 |   111 ||   263
  Dodge: Dodged            |    14 |    36 |    50 |   378 |   474 |   140 ||  1092
  Block: Kite shield       |       |       |       |       |    23 |   118 ||   141

Table legend: (Time is in decaauts)
 A = Elapsed time spent in this place.
 B = Non-inter-level travel time spent in this place.
 C = Inter-level travel time spent in this place.
 D = Time resting spent in this place.
 E = Time spent auto-exploring this place.
 F = Levels seen in this place.
 G = Mean time per level.
                   A        B        C        D        E       F      G
               +--------+--------+--------+--------+--------+-----+--------+
         Total |  45931 |  42974 |   2957 |   4270 |  32854 |  26 | 1766.6 |
       Dungeon |  24362 |  22813 |   1549 |   2780 |  17122 |  15 | 1624.1 |
        Temple |     12 |      6 |      6 |      0 |      0 |   1 |   12.0 |
          Lair |  13608 |  12717 |    891 |   1128 |   9781 |   5 | 2721.6 |
   Spider Nest |   4350 |   4248 |    102 |    246 |   3519 |   3 | 1450.0 |
  Orcish Mines |   3597 |   3190 |    407 |    116 |   2431 |   2 | 1798.5 |
               +--------+--------+--------+--------+--------+-----+--------+

Top non-repeatable levels by time:
  Lair:1: 4815 daAuts
    D:10: 3601 daAuts
Spider:1: 2565 daAuts
  Lair:4: 2312 daAuts
  Lair:2: 2264 daAuts
  Lair:3: 2204 daAuts
     D:9: 2055 daAuts
  Lair:5: 2011 daAuts
    D:11: 1950 daAuts
   Orc:2: 1943 daAuts
    D:14: 1940 daAuts
    D:12: 1893 daAuts
Spider:2: 1764 daAuts
     D:8: 1695 daAuts
    D:13: 1691 daAuts
